 Dungeon Crawl Stone Soup version 0.21-a0-84-g85d6d27 (webtiles) character file.

161 puppykicker the Insei (level 5, 0/33 HPs)
             Began as an Octopode Transmuter on June 26, 2017.
             Was a Follower of Nemelex Xobeh.
             Slain by a gnoll
             ... wielding a +0 spear
              (8 damage)
             ... on level 3 of the Dungeon.
             The game lasted 00:09:00 (2560 turns).

puppykicker the Insei (Octopode Transmuter)         Turns: 2560, Time: 00:09:01

Health: 0/33       AC:  2    Str: 11    XL:     5   Next: 42%
Magic:  6/8        EV: 19    Int: 15    God:    Nemelex Xobeh [*.....]
Gold:   154        SH:  0    Dex: 17    Spells: 2/8 levels left

rFire    . . .     SeeInvis .     - Unarmed
rCold    . . .     Gourm    .   (shield currently unavailable)
rNeg     . . .     Faith    .   (helmet currently unavailable)
rPois    x         Spirit   .   (no amulet)
rElec    .         Reflect  .   (no ring)
rCorr    .         Harm     .   (no ring)
MR       .....                  (no ring)
Stlth    ++........             (no ring)
HPRegen  0.11/turn              (no ring)
MPRegen  0.11/turn              (no ring)
                                (no ring)
                                (no ring)

@: spider-form
A: almost no armour, stealthy swim, (amphibious), 8 rings, (constrict 8)
a: End Transformation, Renounce Religion


You were on level 3 of the Dungeon.
You worshipped Nemelex Xobeh.
Nemelex Xobeh was aware of your devotion.
You were not hungry.
You were a venomous arachnid creature.
You visited 1 branch of the dungeon, and saw 3 of its levels.

You collected 154 gold pieces.


Innate Abilities, Weirdness & Mutations

You cannot wear most types of armour.
You are very stealthy in the water. (Stealth+)
((You are amphibious.))
You can wear up to eight rings at the same time.
((You can use your tentacles to constrict eight enemies at once.))
((Your skin changes colour to match your surroundings (Stealth+).))
((Your rubbery body absorbs attacks. (AC +1, EV +1)))


   Skills:
 - Level 1.0 Fighting
 - Level 2.0 Dodging
 * Level 4.7 Unarmed Combat
 - Level 2.0 Spellcasting
 + Level 3.1 Transmutations
 + Level 1.2 Poison Magic
 + Level 1.9 Invocations


You had 2 spell levels left.
You knew the following spells:

 Your Spells              Type           Power        Failure   Level  Hunger
a - Beastly Appendage     Tmut           ##....       17%         1    #......
b - Sticks to Snakes      Tmut           ##......     22%         2    ###....
c - Spider Form           Tmut/Pois      #.........   47%         3    ###....

Inventory:

Hand Weapons
 b - a +0 hunting sling
Missiles
 a - 62 arrows
 f - 24 bolts
 i - 30 sling bullets
 t - 6 tomahawks (quivered)
Armour
 k - a +0 shield
Scrolls
 d - a scroll of blinking {unknown}
 e - 3 scrolls of identify {unknown}
 j - a scroll of random uselessness {unknown}
 m - a scroll of remove curse {unknown}
 o - a scroll of teleportation {unknown}
 r - a scroll of immolation {unknown}
 s - a scroll of fog {unknown}
Potions
 h - a potion of cancellation {unknown}
 n - a potion of lignification {unknown}
 p - a potion of heal wounds
Books
 q - a book of Changes
Miscellaneous
 l - a plain deck of escape
Comestibles
 c - 2 bread rations
 g - a royal jelly
 u - a chunk of flesh {@w1}

Dungeon Overview and Level Annotations

Branches:
Dungeon (3/15)

Altars:
Kikubaaqudgha
Nemelex Xobeh

#.#.......
#.#.#...########
###.#.#...........
###+##..........######.
#.........###รท..######.
#.........###..........
#.............#.######.
###+##'#...............
#s########.####### #)#
.... ..... #g# ###.#
##### #g# ... .S# #.#
..# ..# ..## ## .. #.#


You could see 2 gnolls and a ball python.


Message History

You hit the gnoll.
The gnoll is poisoned.
The gnoll is moderately wounded.
The gnoll barely misses you.
You barely miss the gnoll.
The gnoll is moderately wounded.
The gnoll hits you with a spear!
A ball python comes into view.
You hit the gnoll but do no damage.
The gnoll looks as sick as possible!
The gnoll is moderately wounded.
The gnoll barely misses you. x2
You bite the gnoll!
You kill the gnoll!
The gnoll misses you. The gnoll completely misses you.
The gnoll hits you from afar with a spear.
* * * LOW HITPOINT WARNING * * *
You see here a spear.
You bite the gnoll!
The gnoll is poisoned.
The gnoll is severely wounded.
The gnoll closely misses you.
The gnoll hits you from afar with a spear!
* * * LOW HITPOINT WARNING * * *
You hit the gnoll but do no damage.
The gnoll looks as sick as possible!
The gnoll is severely wounded.
The gnoll misses you.
The gnoll hits you from afar with a spear.
* * * LOW HITPOINT WARNING * * *
The gnoll hits you from afar with a spear!
You die...
Your body disappears without a glow.

Action                   |  1- 3 |  4- 6 || total
-------------------------+-------+-------++-------
Melee: Unarmed           |    34 |    70 ||   104
       Tentacles         |     5 |    12 ||    17
       Punch             |     1 |     1 ||     2
       Constrict         |     9 |    19 ||    28
       Kick              |     3 |     6 ||     9
 Cast: Beastly Appendage |     5 |     8 ||    13
       Spider Form       |       |     3 ||     3
 Abil: End Transformatio |       |     1 ||     1
 Stab: Sleeping          |     1 |     4 ||     5
       Distracted        |       |     1 ||     1
  Eat: Chunk             |     1 |     5 ||     6
Armor: Skin              |     2 |     5 ||     7
Dodge: Dodged            |    20 |    41 ||    61

Vault maps used:
D:1:      dpeg_arrival_castle, nemelex_diamond_rough_becter
D:2:      overflow_temple_1_default, first_bread, uniq_natasha

Notes
Turn   | Place    | Note
-------+----------+-------------------------------------------
     0 | D:1      | puppykicker the Octopode Transmuter began the quest for the Orb.
     0 | D:1      | Reached XP level 1. HP: 13/13 MP: 3/3
   276 | D:1      | Reached XP level 2. HP: 6/18 MP: 3/5
   671 | D:1      | Found a sparkling altar of Nemelex Xobeh.
   695 | D:1      | Became a worshipper of Nemelex Xobeh the Trickster
   723 | D:1      | Received a gift from Nemelex Xobeh
   961 | D:2      | Noticed Natasha
   968 | D:2      | Killed Natasha
   968 | D:2      | Reached XP level 3. HP: 14/23 MP: 4/6
  1104 | D:2      | Noticed Natasha
  1111 | D:2      | Killed Natasha
  1111 | D:2      | Reached skill level 4 in Unarmed Combat
  1111 | D:2      | Reached skill level 1 in Invocations
  1111 | D:2      | Reached XP level 4. HP: 18/28 MP: 5/7
  1218 | D:2      | Learned a level 2 spell: Sticks to Snakes
  1222 | D:2      | Learned a level 3 spell: Spider Form
  1245 | D:2      | Noticed Natasha
  1253 | D:2      | Killed Natasha
  1451 | D:2      | Reached skill level 3 in Transmutations
  1657 | D:2      | Reached XP level 5. HP: 33/33 MP: 5/8
  1699 | D:2      | Reached skill level 1 in Poison Magic
  1726 | D:2      | Found an ancient bone altar of Kikubaaqudgha.
  2132 | D:3      | Reached * piety under Nemelex Xobeh
  2560 | D:3      | Slain by a gnoll

Vanquished Creatures
  Natasha (thrice) (D:2)
  2 adders
  A gnoll (D:3)
  2 oozes
  A worm (D:2)
  A dart slug (D:3)
  A leopard gecko (D:2)
  An orc (D:3)
  A ball python (D:3)
  5 giant cockroaches
  5 goblins
  7 hobgoblins
  A jackal (D:2)
  A quokka (D:3)
  2 bats
  3 frilled lizards
  6 kobolds
  3 rats
46 creatures vanquished.
